 Dungeon Crawl Stone Soup version 0.17-b1-25-g6d8775f (webtiles) character file.

13026 tp1 the Thaumaturge (level 11, -1/58 HPs)
             Began as a Deep Elf Wizard on Nov 5, 2015.
             Was a High Priest of Vehumet.
             Killed by miscasting Iron Shot (30 damage)
             ... on level 3 of the Orcish Mines.
             The game lasted 02:02:47 (17682 turns).

tp1 the Thaumaturge (Deep Elf Wizard)              Turns: 17682, Time: 02:02:47

Health: -1/58      AC:  9    Str:  4    XL:     11   Next: 70%
Magic:  7/29       EV: 14    Int: 31    God:    Vehumet [*****.]
Gold:   1089       SH:  5    Dex: 13    Spells: 11 memorised, 0 levels left

rFire  . . .     SeeInvis .     N - staff of earth
rCold  . . .     Clarity  .     A - +0 leather armour
rNeg   . . .     SustAt   .     Q - +0 buckler
rPois  .         Gourm    .     O - +1 hat
rElec  .         Spirit   .     U - +1 cloak {MR+}
rCorr  +         Warding  .     f - +1 pair of gloves
rMut   .         Stasis   .     (no boots)
MR     ++...                    x - amulet of resist corrosion
Stlth  ++........               K - ring of invisibility
                                F - +4 ring of intelligence

@: very slightly contaminated, repel missiles, very resistant to hostile
enchantments, unstealthy
A: no striking features
a: Renounce Religion, Evoke Invisibility


You were on level 3 of the Orcish Mines.
You worshipped Vehumet.
Vehumet was extremely pleased with you.
You were not hungry.

You visited 2 branches of the dungeon, and saw 14 of its levels.
You also visited: Sewer.

You collected 1185 gold pieces.
You spent 96 gold pieces at shops.

Inventory:

Hand Weapons
 C - a +2 mace of protection
Missiles
 z - 3 javelins of penetration (quivered)
Armour
 f - a +1 pair of gloves (worn)
 A - a +0 leather armour (worn)
 M - the +1 robe "Siseaff" {rElec Int-5 Dex+4 Stlth+}
   (You found it on level 6 of the Dungeon)

   It affects your intelligence (-5).
   It affects your dexterity (+4).
   It insulates you from electricity.
   It makes you more stealthy.
 O - a +1 hat (worn)
 Q - a +0 buckler (worn)
 U - a +1 cloak of magic resistance (worn)
Magical Staves
 N - an uncursed staff of earth (weapon)
Rods
 l - a +4 rod of destruction (12/12)
   (You took it off an orc wizard on level 9 of the Dungeon)
Jewellery
 b - an uncursed amulet of inaccuracy
 x - an amulet of resist corrosion (around neck)
 F - a +4 ring of intelligence (left hand)
 K - a ring of invisibility (right hand)
Wands
 r - a wand of frost (21)
 s - a wand of hasting (7)
 W - a wand of disintegration (10)
 X - a wand of paralysis (0)
Scrolls
 e - 3 scrolls of fear
 g - 2 scrolls of teleportation
 n - a scroll of fog
 p - a scroll of enchant weapon
 y - 3 scrolls of identify
 H - a scroll of magic mapping
 I - 2 scrolls of remove curse
 R - a scroll of random uselessness
 T - a scroll of immolation
 Y - a scroll of amnesia
Potions
 a - a potion of flight {unknown}
 h - 2 potions of haste {unknown}
 i - 2 potions of mutation {unknown}
 j - a potion of invisibility {unknown}
 k - a potion of heal wounds
 m - a potion of poison {unknown}
 o - a potion of magic {unknown}
 q - 5 potions of brilliance {unknown}
 t - 3 potions of agility
 v - 3 potions of might {unknown}
 w - 5 potions of curing
 B - 3 potions of degeneration {unknown}
 E - a potion of cancellation {unknown}
Books
 c - a book of Minor Magic

   Spells                             Type                      Level
   a - Magic Dart                     Conjuration                  1
   b - Blink                          Translocation                2
   c - Call Imp                       Summoning                    2
   d - Repel Missiles                 Charms/Air                   2
   e - Slow                           Hexes                        2
   f - Conjure Flame                  Conjuration/Fire             3
   g - Mephitic Cloud                 Conjuration/Poison/Air       3
 J - a book of Battle

   Spells                             Type                      Level
   a - Infusion                       Charms                       1
   b - Shroud of Golubria             Charms/Translocation         2
   c - Song of Slaying                Charms                       2
   d - Spectral Weapon                Hexes/Charms                 3
   e - Regeneration                   Charms/Necromancy            3
 S - an Akashic Record

   Spells                             Type                      Level
   a - Dispersal                      Translocation                6
   b - Malign Gateway                 Summoning/Translocation      7
   c - Disjunction                    Translocation                8
   d - Controlled Blink               Translocation                8
 V - a book of Enchantments

   Spells                             Type                      Level
   a - Cause Fear                     Hexes                        4
   b - Silence                        Hexes/Air                    5
   c - Deflect Missiles               Charms/Air                   6
   d - Haste                          Charms                       6
   e - Discord                        Hexes                        8
Comestibles
 d - 8 bread rations
 u - a slice of pizza
 D - 2 beef jerkies
 G - 5 meat rations
 L - 2 chunks of flesh
 P - 6 fruits


   Skills:
 - Level 2.4 Fighting
 - Level 7.0 Armour
 - Level 6.1 Dodging
 - Level 2.4 Stealth
 - Level 5.1 Shields
 - Level 12.0 Spellcasting
 - Level 6.2 Conjurations
 - Level 5.1 Charms
   Level 1.1 Summonings
 - Level 2.1 Translocations
 - Level 8.4 Fire Magic
 - Level 3.0 Air Magic
 + Level 2.1 Earth Magic
 - Level 2.1 Poison Magic
 - Level 3.1 Evocations


You couldn't memorise any spells.
You knew the following spells:

 Your Spells              Type           Power        Failure   Level  Hunger
a - Magic Dart            Conj           ####         1%          1    None
b - Conjure Flame         Conj/Fire      ######..     1%          3    None
c - Mephitic Cloud        Conj/Pois/Air  ###.....     1%          3    None
d - Blink                 Tloc           N/A          2%          2    None
e - Repel Missiles        Chrm/Air       ###...       1%          2    None
f - Shroud of Golubria    Chrm/Tloc      #####.....   1%          2    None
g - Fireball              Conj/Fire      ######....   2%          5    ##.....
h - Sting                 Conj/Pois      ####         1%          1    None
i - Inner Flame           Hex/Fire       #####...     1%          3    None
j - Iron Shot             Conj/Erth      ######....   52%         6    ####...
k - Conjure Ball Lightni  Conj/Air       ###.......   43%         6    ####...


Dungeon Overview and Level Annotations

Branches:
Dungeon (11/15)            Temple (0/1) D:4            Lair (0/8) D:9
    Orc (3/4) D:11            Elf (0/3) Orc:3

Altars:
Ashenzari
Cheibriados
Elyvilon
Gozag
Kikubaaqudgha
Makhleb
Nemelex Xobeh
Okawaru
Ru
Trog
Vehumet
Xom
Yredelemnul
The Shining One
Beogh

Shops:
D:11 ?   Orc:2 ?


Message History

Aiming: Conjure Flame
Press: ? - help, Dir - move target cursor The fire roars!
Casting: Conjure Flame
Confirm with . or Enter, or press ? or * to list all spells.
Okay, then.
Casting: Conjure Flame
Confirm with . or Enter, or press ? or * to list all spells.
The spell is very dangerous to cast!
Continue anyway? [Y]es or [N]o only, please.
The spell is very dangerous to cast!
Continue anyway?
Aiming: Iron Shot
Press: ? - help, Shift-Dir - straight line, f - orc sorcerer
Aim: an orc sorcerer, wielding a dagger and wearing an embroidered robe (moderately wounded)
You feel a surge of power!
You miscast Iron Shot.
You are very lightly contaminated with residual magic.
There is a sudden explosion of magical energy!
The explosion engulfs you!
Ouch! That really hurt!
You die...

#..# ###... ##....≈
####### ###....##
##..#..# ##.......#
#......# #..≈≈≈≈...
##..#..# #..≈≈≈≈.≈#
#......# ##..≈≈≈≈..#
#..@...###≈..≈≈≈...#
#....#...##.........
##§§#.........≈.....
#..o.#.#.....#####..
#.#4#######≈## #.
#4......# ###
#.).........#
##o)).....### #
............# .


You could see a hellwing, an orc sorcerer, a red devil and an orc.

Vanquished Creatures
  Gastronok (D:8)
  An orc knight (Orc:2)
  2 orc sorcerers (Orc:2)
  Maurice (D:8)
  A centaur zombie (D:7)
  2 trolls
  A spriggan (D:7)
  Sigmund (D:2)
  A wyvern (D:10)
  4 yaks (D:9)
  The ghost of DEFE the Ducker, an amateur OpFi of Okawaru (D:4)
  2 hippogriffs
  3 wargs
  9 orc warriors
  2 water moccasins
  2 phantoms
  7 ogres
  3 sky beasts
  2 ice beasts
  A black bear (D:8)
  4 centaurs
  6 gnoll sergeants (D:11)
  6 giant frogs
  6 big kobolds
  6 killer bees (D:8)
  8 scorpions
  11 hounds
  11 wights
  2 crimson imps
  2 jellies (D:6)
  4 giant frog skeletons
  22 orc wizards
  11 orc priests
  Ijyb (D:2)
  A centaur skeleton (D:8)
  A quasit (D:9)
  An iguana (D:4)
  6 worker ants
  2 killer bee zombies
  A hound zombie (D:8)
  A hound skeleton (D:4)
  A worker ant zombie (D:10)
  16 adders
  4 gnolls
  5 shadow imps
  An ooze (D:3)
  3 adder skeletons
  3 worms
  4 giant geckos
  129 orcs
  3 ball pythons
  11 bats
  6 giant cockroaches
  8 goblins
  12 hobgoblins
  5 jackals
  26 kobolds
  4 quokkas
  6 giant newts
  A goblin skeleton (D:9)
  4 hobgoblin zombies (D:9)
  2 kobold zombies (D:9)
  2 orc zombies (D:9)
  9 rats
425 creatures vanquished.

Vanquished Creatures (others)
  4 ball lightnings (Orc:3)
  3 orcs
7 creatures vanquished.

Grand Total: 432 creatures vanquished

Notes
Turn   | Place    | Note
--------------------------------------------------------------
     0 | D:1      | tp1 the Deep Elf Wizard began the quest for the Orb.
     0 | D:1      | Reached XP level 1. HP: 10/10 MP: 7/7
   294 | D:1      | Reached XP level 2. HP: 15/15 MP: 6/9
  1202 | D:2      | Reached XP level 3. HP: 12/19 MP: 2/10
  1313 | D:2      | Learned a level 3 spell: Conjure Flame
  1317 | D:2      | Learned a level 3 spell: Mephitic Cloud
  1320 | D:2      | Learned a level 2 spell: Blink
  1332 | D:2      | Noticed Sigmund
  1375 | D:2      | Reached skill level 1 in Fire Magic
  1496 | D:2      | Killed Sigmund
  1496 | D:2      | Reached skill level 7 in Spellcasting
  1496 | D:2      | Reached XP level 4. HP: 24/24 MP: 0/15
  1496 | D:2      | Reached XP level 5. HP: 28/28 MP: 0/16
  1659 | D:2      | Reached skill level 1 in Air Magic
  1685 | D:2      | Found a sacrificial altar of Ru.
  1899 | D:2      | Reached skill level 1 in Poison Magic
  1904 | D:2      | Noticed Ijyb
  1919 | D:2      | Killed Ijyb
  1919 | D:2      | Reached XP level 6. HP: 21/32 MP: 2/18
  2565 | D:2      | Found a sacrificial altar of Ru.
  2741 | D:3      | Found a glowing drain.
  2909 | Sewer    | Entered a sewer
  3180 | Sewer    | Reached skill level 8 in Spellcasting
  4176 | D:3      | Found a radiant altar of Vehumet.
  4186 | D:3      | Became a worshipper of Vehumet
  4415 | D:3      | Found a radiant altar of Vehumet.
  4714 | D:4      | Reached XP level 7. HP: 36/36 MP: 12/20
  4731 | D:4      | Found a staircase to the Ecumenical Temple.
  5444 | D:4      | Noticed DEFE's ghost (amateur OpFi)
  5460 | D:4      | Killed DEFE's ghost
  5659 | D:4      | Noticed a water moccasin
  5672 | D:4      | Killed a water moccasin
  5672 | D:4      | Reached skill level 5 in Fire Magic
  5927 | D:4      | Reached XP level 8. HP: 31/41 MP: 11/22
  6011 | D:5      | Entered Level 5 of the Dungeon
  6274 | D:6      | Reached skill level 5 in Conjurations
  6324 | D:6      | Found a snail-covered altar of Cheibriados.
  6325 | D:6      | Found a basalt altar of Yredelemnul.
  6422 | D:6      | Found an iron altar of Okawaru.
  6437 | D:6      | Reached * piety under Vehumet
  6437 | D:6      | Offered knowledge of Sandblast by Vehumet.
  6634 | D:6      | Found a shimmering altar of Xom.
  6639 | D:6      | Found a burning altar of Makhleb.
  6671 | D:6      | Learned a level 2 spell: Repel Missiles
  6674 | D:6      | Learned a level 2 spell: Shroud of Golubria
  6718 | D:6      | Reached skill level 1 in Charms
  6937 | D:6      | Reached skill level 5 in Charms
  7067 | D:6      | Got an ancient robe
  7078 | D:6      | Identified the +1 robe "Siseaff" {rElec Int-5 Dex+4 Stlth+} (You found it on level 6 of the Dungeon)
  7088 | D:6      | Learned a level 1 spell: Sandblast
  7106 | D:6      | Found an iron altar of Okawaru.
  7209 | D:6      | Found a shimmering altar of Xom.
  7210 | D:6      | Found a burning altar of Makhleb.
  7411 | D:6      | Found a snail-covered altar of Cheibriados.
  7412 | D:6      | Found a basalt altar of Yredelemnul.
  7470 | D:7      | Reached skill level 1 in Earth Magic
  7572 | D:7      | Noticed a centaur zombie
  7609 | D:7      | Killed a centaur zombie
  7609 | D:7      | Reached skill level 5 in Dodging
  7609 | D:7      | Reached XP level 9. HP: 32/45 MP: 0/23
  7749 | D:7      | Found a sparkling altar of Nemelex Xobeh.
  7945 | D:7      | Reached skill level 1 in Armour
  8388 | D:7      | Found a sparkling altar of Nemelex Xobeh.
  8769 | D:8      | Noticed Maurice
  8783 | D:8      | Paralysed by Maurice for 7 turns
  8801 | D:8      | Paralysed by something for 2 turns
  8810 | D:8      | Paralysed by something for 6 turns
  9158 | D:8      | Offered knowledge of Sting by Vehumet.
  9161 | D:8      | Learned a level 1 spell: Sting
  9167 | D:8      | Noticed Gastronok
  9181 | D:8      | Killed Gastronok
  9181 | D:8      | Reached XP level 10. HP: 42/50 MP: 7/24
  9218 | D:8      | Reached ** piety under Vehumet
  9229 | D:8      | Found a shattered altar of Ashenzari.
  9488 | D:8      | Reached skill level 1 in Fighting
  9617 | D:8      | Killed Maurice
  9926 | D:8      | Reached skill level 9 in Spellcasting
  9999 | D:8      | Found an opulent altar of Gozag.
  9999 | D:8      | Found a white marble altar of Elyvilon.
  9999 | D:8      | Found an ancient bone altar of Kikubaaqudgha.
 10210 | D:8      | Reached skill level 1 in Shields
 10437 | D:8      | Found an opulent altar of Gozag.
 10437 | D:8      | Found a white marble altar of Elyvilon.
 10438 | D:8      | Found an ancient bone altar of Kikubaaqudgha.
 10497 | D:8      | Found a shattered altar of Ashenzari.
 11010 | D:9      | Offered knowledge of Inner Flame by Vehumet.
 11113 | D:9      | Reached *** piety under Vehumet
 11441 | D:9      | Learned a level 3 spell: Inner Flame
 11446 | D:9      | Found a glowing golden altar of the Shining One.
 11691 | D:9      | Offered knowledge of Dazzling Spray by Vehumet.
 11693 | D:9      | Found a staircase to the Lair.
 12567 | D:9      | Identified a +3 rod of destruction (11/11) (You took it off an orc wizard on level 9 of the Dungeon)
 12590 | D:9      | Reached skill level 5 in Shields
 12590 | D:9      | Reached **** piety under Vehumet
 12909 | D:9      | Reached skill level 10 in Spellcasting
 12990 | D:9      | Reached skill level 1 in Evocations
 12990 | D:9      | Reached XP level 11. HP: 13/58 MP: 8/27
 13478 | D:10     | Entered Level 10 of the Dungeon
 13500 | D:10     | Offered knowledge of Fireball by Vehumet.
 14064 | D:10     | Learned a level 5 spell: Fireball
 14703 | D:11     | Found Sinoezxikk's Magic Scroll Boutique.
 14827 | D:11     | Found a staircase to the Orcish Mines.
 15094 | Orc:1    | Entered Level 1 of the Orcish Mines
 15387 | Orc:1    | Reached ***** piety under Vehumet
 15544 | Orc:2    | Offered knowledge of Iron Shot by Vehumet.
 15716 | Orc:2    | HP: 1/58 [orc wizard/magic dart (4)]
 16097 | Orc:2    | Found Neicruo's Magic Scroll Emporium.
 16106 | Orc:2    | Bought a scroll of random uselessness for 12 gold pieces
 16106 | Orc:2    | Bought a scroll of immolation for 42 gold pieces
 16106 | Orc:2    | Bought a scroll of amnesia for 42 gold pieces
 16138 | Orc:2    | Reached skill level 11 in Spellcasting
 16327 | Orc:2    | Found a bloodstained altar of Trog.
 16618 | Orc:2    | Found a bloodstained altar of Trog.
 16650 | Orc:2    | Found Neicruo's Magic Scroll Emporium.
 17097 | Orc:3    | Found a staircase to the Elven Halls.
 17115 | Orc:3    | Learned a level 6 spell: Iron Shot
 17189 | Orc:2    | Reached skill level 12 in Spellcasting
 17490 | Orc:3    | Offered knowledge of Conjure Ball Lightning by Vehumet.
 17498 | Orc:3    | Learned a level 6 spell: Conjure Ball Lightning
 17521 | Orc:3    | Found a roughly hewn altar of Beogh.
 17682 | Orc:3    | Killed by miscasting Iron Shot

Action                   |  1- 3 |  4- 6 |  7- 9 | 10-12 || total
-------------------------+-------+-------+-------+-------++-------
Melee: Unarmed           |     2 |     1 |       |       ||     3
       Dagger            |       |     4 |       |       ||     4
       Mace              |       |       |    76 |    40 ||   116
       Staff             |       |       |     1 |       ||     1
Throw: Javelin           |       |       |     4 |       ||     4
 Cast: Magic Dart        |    60 |   166 |   329 |   666 ||  1221
       Conjure Flame     |     2 |     6 |    15 |    45 ||    68
       Mephitic Cloud    |     1 |     4 |     4 |     8 ||    17
       Sandblast         |       |       |     3 |       ||     3
       Shroud of Golubri |       |       |     1 |     2 ||     3
       Inner Flame       |       |       |       |    44 ||    44
       Sting             |       |       |       |    22 ||    22
       Blink             |       |       |       |    18 ||    18
       Fireball          |       |       |       |    26 ||    26
       Repel Missiles    |       |       |       |     3 ||     3
       Iron Shot         |       |       |       |     2 ||     2
       Conjure Ball Ligh |       |       |       |     2 ||     2
Evoke: Rod               |       |       |       |    10 ||    10
  Use: Scroll            |       |     3 |     3 |     6 ||    12
       Potion            |       |       |     4 |     4 ||     8
 Stab: Confused          |       |     2 |       |       ||     2
  Eat: Chunk             |     2 |    10 |    13 |    29 ||    54
       Fruit             |       |       |       |     2 ||     2
